 Dungeon Crawl Stone Soup version 0.29.1-12-g30fa7ad0bf (webtiles) character file.

Game seed: 134018455991369471

1957 TYRONE the Cleaver (level 8, -6/106 HPs)
             Began as a Minotaur Berserker on Dec 31, 2022.
             Was an Elder of Trog.
             Mangled by a killer bee (7 damage)
             ... on level 7 of the Dungeon.
             The game lasted 00:12:07 (8064 turns).

TYRONE the Cleaver (Minotaur Berserker)             Turns: 8064, Time: 00:12:07

Health: -6/106     AC: 11    Str: 25    XL:     8   Next: 99%
Magic:  16/16      EV:  9    Int:  4    God:    Trog [****..]
Gold:   140        SH:  0    Dex:  9    Spells: 7/7 levels left

rFire   . . .      SeeInvis +   v - +0 war axe (venom)
rCold   . . .      Faith    +   (no shield)
rNeg    . . .      Spirit   .   y - +0 chain mail
rPois   .          Reflect  .   (helmet restricted)
rElec   .          Harm     .   x - +0 cloak
rCorr   .          Rampage  .   (no gloves)
Will    .....                   (no boots)
Stlth   ..........              b - amulet of faith
HPRegen 0.27/turn               g - ring of see invisible
MPRegen 0.15/turn               a - ring of magical power

@: berserking, lethally poisoned (-6 -> -11), very quick
A: horns 2, retaliatory headbutt
a: Renounce Religion, Berserk, Trog's Hand, Brothers in Arms


You were on level 7 of the Dungeon.
You worshipped Trog.
Trog was greatly pleased with you.
You visited 1 branch of the dungeon, and saw 7 of its levels.

You collected 220 gold pieces.
You spent 80 gold pieces at shops.

Inventory:

Hand Weapons
 v - a +0 war axe of venom (weapon)
Missiles
 p - 2 curare-tipped darts (quivered)
Armour
 x - a +0 cloak (worn)
 y - a +0 chain mail (worn)
Jewellery
 a - a ring of magical power (right hand)
 b - an amulet of faith (around neck)
 g - a ring of see invisible (left hand)
Wands
 j - a wand of flame (21)
 l - a wand of paralysis (8)
Scrolls
 c - 2 scrolls of teleportation
 i - a scroll of fear
 k - 3 scrolls of enchant armour
 n - a scroll of immolation
 q - a scroll of torment
 r - a scroll of blinking
 t - 2 scrolls of amnesia
 u - 2 scrolls of noise
Potions
 d - 2 potions of mutation {unknown}
 e - 2 potions of heal wounds {unknown}
 f - 6 potions of curing {unknown}
 h - 2 potions of attraction {unknown}
 o - 4 potions of brilliance {unknown}
 s - 2 potions of lignification {unknown}


   Skills:
 * Level 6.3 Fighting
 * Level 9.7 Axes
 * Level 7.0 Armour
 + Level 3.9 Dodging
 + Level 3.9 Evocations


You had 7 spell levels left.
You didn't know any spells.
Your spell library was empty.

Dungeon Overview and Level Annotations

Branches:
Dungeon (7/15)             Temple (0/1) D:6

Altars:
Qazlal
Ru
Wu Jian
Zin

Shops:
D:4 *   D:6 *


Innate Abilities, Weirdness & Mutations

You have a pair of horns on your head.
You reflexively headbutt those who attack you in melee.


Message History

* * * LOW HITPOINT WARNING * * *
You feel very sick. The killer bee barely misses you.
The killer bee stings you but does no damage.
The killer bee attacks as you move away!
The killer bee closely misses you. You furiously retaliate!
You headbutt the killer bee.
* * * LOW HITPOINT WARNING * * *
You feel sick. The killer bee barely misses you.
A red film seems to cover your vision as you go berserk!
You feel yourself moving faster!
You feel mighty!
You can no longer call in reinforcements.
You feel sick. The killer bee closely misses you. The killer bee stings you.
* * * LOW HITPOINT WARNING * * *
You are lethally poisoned!
The killer bee poisons you!
You closely miss the killer bee. You barely miss the killer bee.
* * * LOW HITPOINT WARNING * * *
You feel sick. The killer bee barely misses you. You furiously retaliate!
You headbutt the killer bee! The killer bee stings you.
* * * LOW HITPOINT WARNING * * *
You slash the killer bee!
You kill the killer bee!
Trog accepts your kill.
You closely miss the killer bee.
* * * LOW HITPOINT WARNING * * *
You feel sick. The killer bee closely misses you. You furiously retaliate!
You headbutt the killer bee!!
You kill the killer bee!
Trog accepts your kill.
You can now call in reinforcements.
The killer bee stings you but does no damage.
Your Armour skill increases to level 7!
You barely miss the killer bee.
* * * LOW HITPOINT WARNING * * *
You feel sick. The killer bee barely misses you.
You miss the killer bee.
* * * LOW HITPOINT WARNING * * *
You feel sick. The killer bee closely misses you. You furiously retaliate!
You headbutt the killer bee! The killer bee stings you!
You die...

...........####...
..................
...........##....
..........## ...
.$........# ..
.........## .
.........#
......##y## #..###
#@.# ### ##.# #.##
##.# #.## ##.# #.#
#.## ##b#


You could see a killer bee.

Vanquished Creatures
  2 water moccasins (D:6)
  An orc warrior (D:6)
  A black bear (D:4)
  A phantom (D:6)
  2 necrophages (D:6)
  5 scorpions
  5 wights (D:5)
  4 killer bees (D:7)
  2 hounds
  2 jellies
  Crazy Yiuf (D:6)
  2 orc priests
  A gnoll bouda (D:6)
  3 iguanas
  An orc wizard (D:6)
  7 gnolls
  11 adders
  2 shadow imps
  A white imp (D:6)
  3 ufetubi
  3 dart slugs
  2 worms
  11 orcs
  9 ball pythons
  5 endoplasms
  6 giant cockroaches
  7 goblins
  5 hobgoblins
  6 kobolds
  2 quokkas
  4 frilled lizards
  5 rats
122 creatures vanquished.

Vanquished Creatures (others)
  12 fungi (D:3)
12 creatures vanquished.

Grand Total: 134 creatures vanquished

Notes
Turn   | Place    | Note
-------+----------+-------------------------------------------
     0 | D:1      | TYRONE the Minotaur Berserker began the quest for the Orb.
     0 | D:1      | Reached XP level 1. HP: 19/19 MP: 0/0
   103 | D:1      | Reached skill level 4 in Axes
   249 | D:1      | Reached XP level 2. HP: 23/26 MP: 1/1
   818 | D:1      | Found a faded altar of an unknown god.
  1068 | D:2      | Reached skill level 5 in Axes
  1070 | D:2      | Reached XP level 3. HP: 15/31 MP: 2/2
  1563 | D:2      | Reached ** piety under Trog
  1564 | D:2      | Reached XP level 4. HP: 36/39 MP: 3/3
  1649 | D:2      | Reached skill level 6 in Axes
  1807 | D:2      | Found an ornate altar of the Wu Jian Council.
  2704 | D:3      | Reached skill level 1 in Evocations
  2704 | D:3      | Reached XP level 5. HP: 45/45 MP: 4/4
  2949 | D:3      | Found a sacrificial altar of Ru.
  3119 | D:3      | Found a glowing silver altar of Zin.
  3897 | D:4      | Found Doclav's Mass Market.
  3917 | D:4      | Reached skill level 7 in Axes
  4153 | D:4      | Reached XP level 6. HP: 50/51 MP: 5/5
  4393 | D:4      | Reached XP level 7. HP: 38/57 MP: 6/6
  4589 | D:4      | Reached skill level 8 in Axes
  4630 | D:4      | Found a stormy altar of Qazlal.
  5350 | D:5      | Entered Level 5 of the Dungeon
  5358 | D:5      | Reached *** piety under Trog
  5368 | D:5      | Reached skill level 5 in Armour
  6275 | D:5      | Reached XP level 8. HP: 58/67 MP: 7/7
  6570 | D:6      | Found a staircase to the Ecumenical Temple.
  6672 | D:6      | Reached skill level 5 in Fighting
  6672 | D:6      | Reached skill level 9 in Axes
  6805 | D:6      | Found Woutysm's Serpentskin Sales.
  6984 | D:6      | Bought a +0 war axe of venom for 80 gold pieces
  7619 | D:6      | Found a runed translucent door.
  7620 | D:6      | Noticed Crazy Yiuf
  7744 | D:6      | Reached **** piety under Trog
  7887 | D:6      | Killed Crazy Yiuf
  8061 | D:7      | HP: 5/105 [killer bee (2)]
  8063 | D:7      | HP: 2/106 [poisoned by a killer bee]
  8064 | D:7      | Mangled by a killer bee

Illustrated notes

Levels and vault maps discovered:
D:1:      tarquinn_simple_flora_water_f, layout_loops_ring,
          chequers_ecumenical_altar_lobes, minmay_misc_feat_square
D:2:      layout_basic, basic_altar, minmay_tetromino_o4
D:3:      layout_basic, nicolae_ru_path_of_blood, zin_treasury,
          dreamdust_mushroom_princess
D:4:      layout_loops_ring, kennysheep_little_box, minmay_shop_mass
D:5:      layout_basic
D:6:      cheibrodos_helix_gallery, layout_basic,
          minmay_temple_entry_statues_pillars, eino_tiny_chamber,
          minmay_misc_feat_chi, chequers_serial_rivers_room_b,
          grunt_ministairs_11, guppyfry_shop_venom, uniq_crazy_yiuf_cottage
D:7:      layout_cave_pods, serial_shops, shop

Skill      XL: |  1  2  3  4  5  6  7  8 |
---------------+-------------------------+-----
Axes           | 4 5 6 7 8 9 |  9.7
Evocations     | 1 2 3 |  3.9
Armour         | 3 4 5 7 |  7.0
Fighting       | 4 6 |  6.3
Dodging        | 3 |  3.9

Action                   |  1- 3 |  4- 6 |  7- 9 || total
-------------------------+-------+-------+-------++-------
Melee: Hand axe          |    41 |    60 |       ||   101
       Headbutt          |     8 |    13 |    20 ||    41
       War axe           |       |    59 |    98 ||   157
       Whip              |       |       |    38 ||    38
Invok: Berserk           |     1 |     3 |     4 ||     8
  Use: Scroll            |       |     9 |     4 ||    13
Armor: Ring mail         |     9 |     1 |       ||    10
       Animal skin       |     2 |       |       ||     2
       Scale mail        |       |    44 |    32 ||    76
       Chain mail        |       |       |    10 ||    10
Dodge: Dodged            |    26 |    55 |    82 ||   163
